 Dungeon Crawl Stone Soup version 0.18.1-50-g88ac8fd (webtiles) character file.

88 epen the Insei (level 4, -7/37 HPs)
             Began as a Merfolk Monk on Sept 16, 2016.
             Was a Believer of Cheibriados.
             Mangled by an orc warrior
             ... wielding a +0 glaive
              (13 damage)
             ... on level 3 of the Dungeon.
             The game lasted 00:03:04 (2131 turns).

epen the Insei (Merfolk Monk)                       Turns: 2131, Time: 00:03:05

Health: -7/37      AC:  6    Str: 17    XL:     4   Next: 54%
Magic:  4/4        EV: 15    Int: 16    God:    Cheibriados [**....]
Gold:   106        SH:  0    Dex: 22    Spells: 0 memorised, 3 levels left

rFire  . . .     SeeInvis .       - Unarmed
rCold  . . .     Gourm    .     g - +1 ring mail
rNeg   . . .     Faith    .     (no shield)
rPois  .         Spirit   .     (no helmet)
rElec  .         Dismiss  .     (no cloak)
rCorr  .         Reflect  .     (no gloves)
SustAt .         Harm     .     (no boots)
MR     .....                    (no amulet)
Stlth  ++........               (no ring)
                                n - ring of flight

@: very slow, not resistant to hostile enchantments, unstealthy
A: change form in water, swift swim
a: Bend Time, Renounce Religion, Evoke Flight


You were on level 3 of the Dungeon.
You worshipped Cheibriados.
Cheibriados was pleased with you.
You were not hungry.

You visited 1 branch of the dungeon, and saw 3 of its levels.

You collected 106 gold pieces.

Inventory:

Armour
 a - a +0 robe
 g - a +1 ring mail (worn)
Jewellery
 n - a ring of flight (left hand)
Wands
 u - a wand of flame (14/48)
Scrolls
 e - 3 scrolls of remove curse
 j - a scroll of amnesia
 o - 3 scrolls of identify
 s - 2 scrolls of magic mapping {unknown}
 v - a scroll of enchant weapon {unknown}
 w - a scroll of recharging
Potions
 c - 2 potions of might
 d - 2 potions of flight
 f - a potion of lignification {unknown}
 h - a potion of curing {unknown}
 i - a potion of resistance {unknown}
 l - a potion of haste {unknown}
 r - a potion of heal wounds {unknown}
 t - a potion of magic {unknown}
Comestibles
 b - 3 bread rations
 k - a fruit
 p - a beef jerky


   Skills:
 + Level 3.9 Fighting
 + Level 4.9 Dodging
 - Level 2.1 Stealth
 * Level 5.5 Unarmed Combat


You had 3 spell levels left.
You didn't know any spells.

Dungeon Overview and Level Annotations

Branches:
Dungeon (3/15)

Altars:
Cheibriados


Message History

You closely miss the orc warrior.
The orc wizard shouts!
You hit the orc warrior.
The orc warrior is lightly wounded.
The orc warrior hits you with a glaive!
The orc shouts!
You hit the orc warrior.
The orc warrior is lightly wounded.
The orc warrior closely misses you.
You hit the orc warrior but do no damage.
The orc warrior is lightly wounded.
You hit the orc warrior but do no damage.
The orc warrior is lightly wounded.
The orc warrior hits you with a glaive!
* * * LOW HITPOINT WARNING * * *
You hit the orc warrior but do no damage.
The orc warrior is lightly wounded.
The orc wizard mumbles some strange words.
The orc wizard blinks!
The orc warrior hits you with a glaive!
You die...

.# #....###.#.......# #.### .#
#.#.## #.#.###.#.# #.... .#
#.#.####.#.......# ##### .###
#>.......#.###.#.# #
...#######...#####.#...#.# #
........#...o.## #.#.###.# #
....###........###.#..##.# ####
....###......o..##.......#####...
......'......o§o@................
...####.........####...#######.##
...............## #..## #.##
#†#######.....## #.#### #.## #.#
##...## #....# #.## #.# ##+##
####.# #.## #.# #.# #.# #...
#.##### #.# ### #.# #### ......#
##.## #.# #.# #


You could see an orc warrior, an orc wizard and 2 orcs.

Vanquished Creatures
  A hound zombie (D:3)
  2 worms
  A giant gecko (D:3)
  5 orcs (D:3)
  3 giant cockroaches
  A goblin (D:3)
  10 hobgoblins
  9 jackals
  2 quokkas
  2 ball pythons
  4 bats
  5 giant newts
  7 kobolds
  6 rats
58 creatures vanquished.

Notes
Turn   | Place    | Note
--------------------------------------------------------------
     0 | D:1      | epen the Merfolk Monk began the quest for the Orb.
     0 | D:1      | Reached XP level 1. HP: 18/18 MP: 1/1
   170 | D:1      | Reached XP level 2. HP: 18/24 MP: 2/2
   989 | D:2      | Reached XP level 3. HP: 29/29 MP: 3/3
  1023 | D:2      | Reached skill level 5 in Unarmed Combat
  1601 | D:3      | Reached XP level 4. HP: 32/37 MP: 4/4
  1654 | D:3      | Found a snail-covered altar of Cheibriados.
  1676 | D:3      | Became a worshipper of Cheibriados the Contemplative
  1676 | D:3      | Reached * piety under Cheibriados
  1676 | D:3      | Reached ** piety under Cheibriados
  2010 | D:3      | Noticed an orc warrior
  2131 | D:3      | Mangled by an orc warrior

Skill      XL: |  1  2  3 |
---------------+----------+-----
Unarmed Combat | 5 |  5.5
Fighting       | |  3.9
Dodging        | |  4.9
Stealth        | |  2.1

Action                   |  1- 3 |  4- 6 || total
-------------------------+-------+-------++-------
Melee: Unarmed           |   126 |    69 ||   195
       Punch             |     1 |     4 ||     5
  Use: Scroll            |     5 |     3 ||     8
 Stab: Sleeping          |     4 |       ||     4
  Eat: Chunk             |     2 |     1 ||     3
Armor: Robe              |     4 |       ||     4
       Ring mail         |    28 |    12 ||    40
Dodge: Dodged            |    70 |    59 ||   129
